 Dungeon Crawl Stone Soup version 0.24-a0-779-g36f0aeb843 (webtiles) character file.

Game seed: 11528152165974352681, levelgen mode: deterministic

403 Dycilia the Magician (level 6, -6/28 HPs)
             Began as a Spriggan Venom Mage on Oct 8, 2019.
             Mangled by Duvessa
             ... wielding a +2 short sword of speed
              (9 damage)
             ... on level 3 of the Dungeon.
             The game lasted 00:45:27 (4641 turns).

Dycilia the Magician (Spriggan Venom Mage)          Turns: 4641, Time: 00:45:30

Health: -6/28      AC:  2    Str:  4    XL:     6   Next: 55%
Magic:  6/15       EV: 20    Int: 19    God:
Gold:   106        SH:  4    Dex: 16    Spells: 13/16 levels left

rFire    . . .     SeeInvis +   o - +0 hunting sling
rCold    . . .     Gourm    .   (shield restricted)
rNeg     . . .     Faith    .   a - +0 robe
rPois    .         Spirit   .   (helmet restricted)
rElec    .         Reflect  +   (no cloak)
rCorr    .         Harm     .   (gloves unavailable)
MR       +....                  (boots unavailable)
Stlth    +++.......             b - +4 amulet of reflection
HPRegen  0.09/turn              (no ring)
MPRegen  0.14/turn              (no ring)

@: very quick
A: very small, unfitting armour, see invisible, herbivore, speed 3, slow
metabolism 2
a: no special abilities


You were on level 3 of the Dungeon.
You were not hungry.

You visited 1 branch of the dungeon, and saw 4 of its levels.

You collected 106 gold pieces.

Inventory:

Hand Weapons
 o - a +0 hunting sling (weapon)
Missiles
 l - 84 stones (quivered)
Armour
 a - a +0 robe (worn)
Jewellery
 b - a +4 amulet of reflection (around neck)
 d - an uncursed amulet of the acrobat
Wands
 e - a wand of disintegration (16)
Scrolls
 f - a scroll of magic mapping {unknown}
 g - a scroll of identify
 h - 2 scrolls of remove curse {unknown}
 i - a scroll of immolation {unknown}
 j - a scroll of enchant armour {unknown}
 k - 2 scrolls of teleportation {unknown}
 m - 2 scrolls of amnesia {unknown}
Potions
 n - a potion of berserk rage {unknown}
Comestibles
 c - 5 rations


   Skills:
 + Level 0.2 Slings
 * Level 4.8 Dodging
 * Level 5.1 Stealth
 * Level 5.6 Spellcasting
 - Level 1.1 Conjurations
 + Level 1.0 Air Magic
 + Level 4.2 Poison Magic


You had 13 spell levels left.
You knew the following spells:

 Your Spells              Type           Power        Failure   Level  Hunger
a - Sting                 Conj/Pois      ###.         3%          1    None
b - Poisonous Vapours     Pois/Air       ###...       6%          2    None

Your spell library contained the following spells:

 Spells                   Type           Power        Failure   Level  Hunger
 Mephitic Cloud           Conj/Pois/Air  ##......     14%         3    ##.....
 Olgreb's Toxic Radiance  Pois           ###.....     21%         4    ####...
 Venom Bolt               Conj/Pois      ###.......   71%         5    #####..


Dungeon Overview and Level Annotations

Branches:
Dungeon (4/15)
 Temple: D:4-7

Altars:

Annotations:
D:3 Duvessa
D:4 Edmund, Grinder, Menkaure


Innate Abilities, Weirdness & Mutations

You are very small and have problems with some larger weapons.
You are too small for most types of armour.
You have supernaturally acute eyesight. (SInv)
You are a herbivore.
You cover ground extremely quickly.
You need to consume almost no food.


Message History

Casting: Poisonous Vapours (safe; 6% risk of failure)
Confirm with . or Enter, or press ? or * to list all spells.
Aiming: Poisonous Vapours (safe; 6% risk of failure)
Press: ? - help, Dir - move target cursor, f/p - Dowan
Aim: Dowan, wielding a +0 dagger and wearing a +0 robe (severely wounded, poisoned) Poisonous vapours surround Dowan!
The worker ant barely misses you.
Dowan is engulfed in poison gas.
Dowan looks as sick as possible!
Dowan misses you. Duvessa closely misses you.
Casting: Poisonous Vapours (safe; 6% risk of failure)
Confirm with . or Enter, or press ? or * to list all spells.
Aiming: Poisonous Vapours (safe; 6% risk of failure)
Press: ? - help, Dir - move target cursor, f/p - Dowan
Aim: Dowan, wielding a +0 dagger and wearing a +0 robe (almost dead, poisoned) Poisonous vapours surround Dowan!
You kill Dowan!
Duvessa screams, "No!
How DARE you!"
Duvessa goes berserk!
Your Air Magic skill increases to level 1!
Duvessa hits you with a +2 short sword of speed!
You die...

#.#......# # #####'#......######
####### #.........(........
......## #........##.##.####
.......# #........##.##.#
.....#.# #........##.##.#
.....#.# #........##.##.####
.....#.#########°########.##.....
.....'.........a@# ..#######
....)##...#####e## ..' .....
.....##.### ### ..# #####
.....##.# #######.# # ..# ### #
..# #.. # #... #.# # #.#


You could see Duvessa (berserk) and a worker ant.

Vanquished Creatures
  Dowan (D:3)
  A howler monkey (D:4)
  An orc priest (D:2)
  Terence (D:3)
  An orc wizard (D:2)
  2 worker ants
  Robin (D:3)
  3 adders
  4 gnolls (D:2)
  3 worms
  2 dart slugs (D:1)
  4 leopard geckos
  5 orcs
  A ball python (D:3)
  4 giant cockroaches
  14 goblins
  12 hobgoblins
  4 jackals (D:1)
  6 kobolds
  2 quokkas (D:3)
  7 bats
  5 frilled lizards
  A leopard gecko skeleton (D:4)
  9 rats
94 creatures vanquished.

Notes
Turn   | Place    | Note
-------+----------+-------------------------------------------
     0 | D:1      | Dycilia the Spriggan Venom Mage began the quest for the
                  | Orb.
     0 | D:1      | Reached XP level 1. HP: 9/9 MP: 5/5
   240 | D:1      | Reached XP level 2. HP: 13/13 MP: 3/6
   784 | D:1      | Reached skill level 1 in Conjurations
   859 | D:1      | Reached XP level 3. HP: 16/16 MP: 4/8
  1051 | D:2      | Found a faded altar of an unknown god.
  1435 | D:2      | Reached XP level 4. HP: 21/21 MP: 3/10
  2106 | D:2      | Reached XP level 5. HP: 24/24 MP: 8/12
  2181 | D:2      | Learned a level 2 spell: Poisonous Vapours
  2534 | D:3      | Noticed Terence
  2546 | D:3      | Killed Terence
  2899 | D:3      | Noticed Robin
  2952 | D:3      | Killed Robin
  2952 | D:3      | Reached skill level 5 in Spellcasting
  4092 | D:4      | Noticed Edmund
  4206 | D:3      | Reached XP level 6. HP: 22/28 MP: 9/14
  4371 | D:4      | Reached skill level 5 in Stealth
  4395 | D:4      | Noticed Menkaure
  4630 | D:4      | Noticed Duvessa
  4630 | D:4      | Noticed Dowan
  4631 | D:4      | Noticed Grinder
  4641 | D:3      | Killed Dowan
  4641 | D:3      | Reached skill level 1 in Air Magic
  4641 | D:3      | Mangled by Duvessa

Levels and vault maps discovered:
D:1:      psy_arrival_basics, layout_rooms, serial_park_tiny_2
D:2:      layout_rooms, chequers_ecumenical_altar_lobes
D:3:      layout_basic, uniq_robin, uniq_terence, uniq_crazy_yiuf_cottage
D:4:      layout_rooms, first_ration, minmay_misc_feat_square, uniq_menkaure,
          uniq_grinder, uniq_edmund, uniq_duvessa

Skill      XL: |  1  2  3  4  5  6 |
---------------+-------------------+-----
Spellcasting   | 3 4 5 |  5.6
Conjurations   | 1 |  1.1
Stealth        | 4 5 |  5.1
Dodging        | 4 |  4.8
Poison Magic   | 4 |  4.2
Air Magic      | 1 |  1.0
Slings         | |  0.2

Action                   |  1- 3 |  4- 6 || total
-------------------------+-------+-------++-------
 Fire: Hunting sling     |       |    10 ||    10
 Cast: Sting             |    78 |    39 ||   117
       Poisonous Vapours |       |    72 ||    72
  Use: Scroll            |       |     4 ||     4
  Eat: Ration            |       |     1 ||     1
Armor: Robe              |     1 |     1 ||     2
Dodge: Dodged            |    13 |    16 ||    29
Block: Other             |       |     4 ||     4

Table legend:
 A = Non-vault XP
 B = Vault XP
 C = Vault XP percentage of total XP
 D = Non-vault monster count
 E = Vault monster count
 F = Vault count percentage of total count
                 A         B        C        D         E       F
            +---------+---------+-------+---------+---------+-------
      Total |     436 |     140 |  24.3 |      83 |      11 |  11.7
            +---------+---------+-------+---------+---------+-------
        D:1 |      42 |       0 |   0.0 |      20 |       0 |   0.0
        D:2 |     198 |       0 |   0.0 |      26 |       0 |   0.0
        D:3 |     101 |     140 |  58.1 |      32 |      11 |  25.6
        D:4 |      95 |       0 |   0.0 |       5 |       0 |   0.0
            +---------+---------+-------+---------+---------+-------
